 Dungeon Crawl Stone Soup version 0.18.1-48-g4cf74bf (webtiles) character file.

14553 Mesmaeker13 the Covert (level 11, -2/87 HPs)
             Began as a Vampire Gladiator on July 12, 2016.
             Was a Priest of Ashenzari.
             Slain by a blink frog (13 damage)
             ... on level 1 of the Lair of Beasts.
             The game lasted 00:56:44 (15174 turns).

Mesmaeker13 the Covert (Vampire Gladiator)         Turns: 15174, Time: 00:56:46

Health: -2/87      AC:  9    Str: 15    XL:     11   Next: 90%
Magic:  11/11      EV: 22    Int: 19    God:    Ashenzari [***...]
Gold:   659        SH:  0    Dex: 20    Spells: 0 memorised, 10 levels left

rFire  . . .     SeeInvis +     O - +4 great sword
rCold  + . .     Gourm    .     R - +1 robe of the Vaults {rC+ Dex+3 Slay+2}
rNeg   + . .     Faith    .     (shield currently unavailable)
rPois  .         Spirit   .     c - +0 helmet
rElec  .         Dismiss  .     l - +2 cloak (curse)
rCorr  .         Reflect  .     n - +0 pair of gloves
SustAt .         Harm     .     (no boots)
MR     +....                    E - amulet of regeneration (curse)
Stlth  +++++++...               J - +4 ring of intelligence
                                y - +4 ring of intelligence

@: somewhat resistant to hostile enchantments, extremely stealthy
A: fangs 3, see invisible, unbreathing
a: Bat Form, Curse Item, Scrying, Renounce Religion


You were on level 1 of the Lair of Beasts.
You worshipped Ashenzari.
Ashenzari was most pleased with you.
You were not thirsty.

You visited 3 branches of the dungeon, and saw 15 of its levels.
You also visited: Bailey.

You collected 659 gold pieces.

Inventory:

Hand Weapons
 b - a +1 dagger of draining
 q - a +1 dagger of venom
 u - a +2 hand crossbow of flaming
 K - a +0 blowgun
 O - a +4 great sword (weapon)
Missiles
 a - 55 poisoned needles
 d - 2 throwing nets (quivered)
Armour
 c - a +0 helmet (worn)
 l - a cursed +2 cloak (worn)
 n - a +0 pair of gloves (worn)
 C - a +2 leather armour of fire resistance
 R - the +1 robe of the Vaults (worn) {rC+ Dex+3 Slay+2}
   (You found it on level 11 of the Dungeon)

   It affects your dexterity (+3).
   It affects your accuracy and damage with ranged weapons and melee attacks
   (+2).
   It protects you from cold.
Jewellery
 y - a +4 ring of intelligence (left hand)
 B - an uncursed ring of wizardry
 D - an uncursed ring of fire
 E - a cursed amulet of regeneration (around neck)
 J - a +4 ring of intelligence (right hand)
 N - an uncursed ring of protection from fire
Wands
 j - a wand of teleportation (5/9)
 r - a wand of heal wounds (0/9)
 M - a wand of iceblast (1/15)
Scrolls
 g - a scroll of recharging
 k - a scroll of blinking
 p - 7 scrolls of remove curse
 s - a scroll of magic mapping
 x - 3 scrolls of fog
 z - 2 scrolls of identify
 F - 2 scrolls of enchant weapon
 Q - a scroll of enchant armour
Potions
 e - a potion of ambrosia
 f - 2 potions of brilliance
 h - a potion of magic
 i - a potion of resistance {unknown}
 m - a potion of flight
 t - 4 potions of blood
 v - a potion of haste
 G - 2 potions of lignification
 H - a potion of agility {unknown}
 I - a potion of cancellation
Books
 P - a book of Unlife

   Spells                             Type                      Level
   a - Recall                         Summoning/Translocation      3
   b - Animate Dead                   Necromancy                   4
   c - Control Undead                 Necromancy                   4
   d - Cigotuvi's Embrace             Necromancy                   5
   e - Death Channel                  Necromancy                   6
   f - Simulacrum                     Ice/Necromancy               6


   Skills:
 + Level 8.9 Fighting
 - Level 7.0(8.4) Short Blades
 + Level 6.4(7.7) Long Blades
 - Level 1.5 Throwing
 - Level 5.5 Armour
 - Level 11.0 Dodging
 + Level 13.1 Stealth


You had 10 spell levels left.
You didn't know any spells.

Dungeon Overview and Level Annotations

Branches:
Dungeon (13/15)            Temple (1/1) D:7            Lair (1/8) D:9
    Orc (0/2) D:9
 Vaults: D:13-14

Altars:
Ashenzari
Cheibriados
Dithmenos
Elyvilon
Fedhas
Gozag
Kikubaaqudgha
Makhleb
Nemelex Xobeh
Okawaru
Pakellas
Qazlal
Ru
Sif Muna
Trog
Vehumet
Xom
Yredelemnul
Zin
The Shining One

Annotations:
D:9 Erolcha
D:11 exclusion: oklob plant


Innate Abilities, Weirdness & Mutations

You have razor-sharp teeth.
You have supernaturally acute eyesight.
You can survive without breathing.


Message History

You slash the blink frog!
The blink frog is heavily wounded.
You hear a croak.
The blink frog hits you.
The blink frog blinks!
You hit the blink frog.
The blink frog is lightly wounded.
The blink frog misses you. The blink frog hits you!
You hit the blink frog.
The blink frog is moderately wounded.
The blink frog barely misses you. The porcupine barely misses you.
The blink frog completely misses you. The blink frog hits you.
The blink frog blinks!
You miss the blink frog.
The blink frog is moderately wounded.
The blink frog hits you!
* * * LOW HITPOINT WARNING * * *
The blink frog barely misses you. The porcupine bites you!
* * * LOW HITPOINT WARNING * * *
The blink frog hits you!
You die...

.....#...........................
#.....#..........................
#.................#..(P...##.....
....#............................
#................................
#...............#................
....#..........##................
.....#.........F§..........#.....
.....#......F...@F...............
......#..........r...........#...
.............................#...
.............(........... .......
......................... .......
#......#.............P...,.......
##............<.......... .......
....#..................#.,...(...
..................P...... .......


You could see 3 blink frogs and a porcupine.

Vanquished Creatures
  Fannar (D:10)
  The ghost of PeterLawrence the Basher, a journeyman GrFi of Okawaru (D:10)
  A hill giant (D:11)
  The ghost of Typee the Conjurer, a novice OpCj of Sif Muna (Bailey)
  Pikel (D:9)
  A manticore (D:11)
  A cyclops (D:13)
  A spiny frog (Lair:1)
  2 gargoyles
  3 komodo dragons (Lair:1)
  A slime creature (D:13)
  8 yaks (Lair:1)
  A steam dragon (D:9)
  A hippogriff (D:10)
  2 water moccasins
  A porcupine (Lair:1)
  An ice beast (D:9)
  6 orc warriors
  A slave (D:9)
  A black bear (D:8)
  3 phantoms
  An eye of draining (D:11)
  8 ogres
  3 wolves (Lair:1)
  3 centaurs
  4 big kobolds
  13 giant frogs
  A water moccasin zombie (D:9)
  2 gnoll sergeants
  4 scorpions
  16 killer bees
  9 wights
  4 howler monkeys
  9 crimson imps
  2 centaur zombies
  6 hounds
  2 jellies
  A quasit (D:9)
  Crazy Yiuf (D:2)
  3 orc priests
  8 orc wizards
  An iron imp (D:5)
  Jessica (D:2)
  Natasha (thrice) (D:3)
  3 gnoll shamans (D:3)
  8 iguanas
  2 worker ants
  7 sheep (Lair:1)
  A hound zombie (D:6)
  A howler monkey zombie (D:8)
  A worker ant zombie (D:8)
  43 gnolls
  A howler monkey skeleton (D:8)
  3 adders
  3 shadow imps
  3 oozes
  An adder zombie (D:9)
  6 worms
  3 dart slugs
  6 giant geckos
  34 orcs
  13 bats
  3 giant cockroaches
  16 goblins
  12 hobgoblins
  25 jackals
  29 kobolds
  10 quokkas
  A ball python (D:6)
  A giant gecko skeleton (D:7)
  7 giant newts
  A jackal skeleton (D:5)
  A quokka zombie (D:8)
  2 rats
  A spectral orc (D:8)
  A plant (D:3)
393 creatures vanquished.

Vanquished Creatures (others)
  A water moccasin (D:9)
  A centaur (D:9)
  2 fungi (D:11)
  A plant (Lair:1)
5 creatures vanquished.

Grand Total: 398 creatures vanquished

Notes
Turn   | Place    | Note
--------------------------------------------------------------
     0 | D:1      | Mesmaeker13 the Vampire Gladiator began the quest for the Orb.
     0 | D:1      | Reached XP level 1. HP: 16/16 MP: 1/1
   165 | D:1      | Reached XP level 2. HP: 18/22 MP: 2/2
   586 | D:1      | Reached XP level 3. HP: 27/27 MP: 3/3
  1362 | D:2      | Reached skill level 1 in Stealth
  1446 | D:2      | Reached skill level 2 in Stealth
  1447 | D:2      | Noticed Jessica
  1458 | D:2      | Killed Jessica
  1458 | D:2      | Reached XP level 4. HP: 24/34 MP: 4/4
  1587 | D:2      | Noticed Crazy Yiuf
  1593 | D:2      | Killed Crazy Yiuf
  1593 | D:2      | Reached skill level 3 in Stealth
  1801 | D:2      | Reached XP level 5. HP: 37/40 MP: 5/5
  1805 | D:2      | Found a sparkling altar of Nemelex Xobeh.
  1894 | D:3      | Noticed Natasha
  1904 | D:3      | Killed Natasha
  1997 | D:3      | Reached skill level 4 in Stealth
  2135 | D:3      | Reached XP level 6. HP: 23/47 MP: 6/6
  2292 | D:3      | Reached skill level 5 in Short Blades
  2561 | D:3      | Noticed Natasha
  2569 | D:3      | Killed Natasha
  2583 | D:3      | Noticed Natasha
  2590 | D:3      | Killed Natasha
  2734 | D:3      | Reached skill level 5 in Stealth
  2934 | D:3      | Reached XP level 7. HP: 52/53 MP: 7/7
  3372 | D:3      | Reached skill level 5 in Dodging
  3427 | D:3      | Reached skill level 6 in Stealth
  3596 | D:3      | Found a faded altar to an unknown god.
  4670 | D:4      | Reached XP level 8. HP: 61/61 MP: 8/8
  4682 | D:4      | Reached skill level 7 in Stealth
  4740 | D:4      | Found a shattered altar of Ashenzari.
  4753 | D:4      | Became a worshipper of Ashenzari the Shackled
  5201 | D:5      | Entered Level 5 of the Dungeon
  5237 | D:5      | Found an iron altar of Okawaru.
  5276 | D:5      | Found a snail-covered altar of Cheibriados.
  5383 | D:5      | Got the uncursed robe of Urailus {*Drain Str+5}
  5407 | D:5      | Identified the +1 robe of Urailus {*Drain Str+5} (You found it on level 5 of the Dungeon)
  5604 | D:5      | Reached skill level 5 in Fighting
  5654 | D:5      | Reached skill level 8 in Stealth
  5691 | D:5      | Reached * piety under Ashenzari
  6113 | D:6      | Reached skill level 1 in Armour
  6264 | D:6      | Reached skill level 9 in Stealth
  6333 | D:6      | Found a shadowy altar of Dithmenos.
  6454 | D:7      | Reached XP level 9. HP: 69/69 MP: 9/9
  6504 | D:7      | Found a staircase to the Ecumenical Temple.
  6517 | Temple   | Entered the Ecumenical Temple
  7651 | D:8      | Found a blossoming altar of Fedhas.
  7657 | D:8      | Reached skill level 10 in Stealth
  8016 | D:8      | Found a basalt altar of Yredelemnul.
  8097 | D:8      | Reached ** piety under Ashenzari
  8201 | D:8      | Found a bloodstained altar of Trog.
  8745 | D:9      | Found a shimmering altar of Xom.
  8789 | D:9      | Reached skill level 11 in Stealth
  8822 | D:9      | Found a staircase to the Orcish Mines.
  8856 | D:9      | Reached XP level 10. HP: 77/77 MP: 10/10
  8985 | D:9      | Found a staircase to the Lair.
  9064 | D:9      | Noticed Pikel
  9122 | D:9      | Killed Pikel
  9171 | D:9      | Found a white marble altar of Elyvilon.
  9359 | D:9      | Found a shimmering altar of Xom.
  9359 | D:9      | Found a deep blue altar of Sif Muna.
  9384 | D:9      | Noticed a gargoyle
  9390 | D:9      | Noticed Erolcha
  9580 | D:9      | HP: 3/79 [gargoyle/stone arrow (15)]
  9828 | D:10     | Entered Level 10 of the Dungeon
  9927 | D:10     | Found a flagged portal.
  9949 | Bailey   | Entered a bailey
  9955 | Bailey   | Noticed Typee's ghost (novice OpCj)
  9962 | Bailey   | Killed Typee's ghost
  9962 | Bailey   | Reached skill level 1 in Long Blades
  9962 | Bailey   | Reached skill level 5 in Armour
  9962 | Bailey   | Reached skill level 12 in Stealth
  9975 | Bailey   | Noticed an orc knight
 10218 | D:10     | Noticed PeterLawrence's ghost (journeyman GrFi)
 10257 | D:10     | Killed PeterLawrence's ghost
 10929 | D:10     | Noticed Fannar
 12657 | D:10     | Killed Fannar
 12657 | D:10     | Reached XP level 11. HP: 84/84 MP: 11/11
 12883 | D:11     | Noticed a hill giant
 12910 | D:11     | Killed a hill giant
 13093 | D:11     | Noticed an oklob plant
 13095 | D:11     | Reached skill level 10 in Dodging
 13111 | D:11     | Got the uncursed robe of the Vaults {rC+ Dex+3 Slay+2}
 13122 | D:11     | Identified the +1 robe of the Vaults {rC+ Dex+3 Slay+2} (You found it on level 11 of the Dungeon)
 13513 | D:11     | Reached *** piety under Ashenzari
 13795 | D:13     | Reached skill level 5 in Long Blades
 13852 | D:12     | Identified the amulet "Zidwashri" {RegenMP rF+++ rC+ Str-2 Int+7}
 14026 | Lair:1   | Entered Level 1 of the Lair of Beasts
 14971 | Lair:1   | Reached skill level 13 in Stealth
 15174 | Lair:1   | Slain by a blink frog

Skill      XL: |  1  2  3  4  5  6  7  8  9 10 11 |
---------------+----------------------------------+-----
Fighting       | 2 3 4 5 6 7 8 |  8.9
Short Blades   | 4 5 6 7 |  7.0
Stealth        | 2 3 4 5 6 9 11 12 13 | 13.1
Dodging        | 4 5 6 8 9 11 | 11.0
Armour         | 1 3 5 |  5.5
Long Blades    | 3 6 |  6.4
Throwing       | |  1.5

Action                   |  1- 3 |  4- 6 |  7- 9 | 10-12 || total
-------------------------+-------+-------+-------+-------++-------
Melee: Dagger            |   108 |   251 |   825 |   230 ||  1414
       Rapier            |    11 |       |       |       ||    11
       Bite              |    12 |    38 |    99 |    99 ||   248
       Great sword       |       |       |       |   426 ||   426
 Fire: Blowgun           |       |       |       |    12 ||    12
Throw: Throwing net      |       |       |       |     5 ||     5
Invok: Curse Item        |       |       |     2 |       ||     2
 Abil: End Transformatio |       |       |       |     2 ||     2
       Bat Form          |       |       |       |     2 ||     2
Evoke: Wand              |       |     2 |     1 |    19 ||    22
  Use: Potion            |     1 |     8 |     3 |    22 ||    34
       Scroll            |       |     5 |     9 |    17 ||    31
 Stab: Sleeping          |     1 |     2 |    32 |    20 ||    55
       Invisible         |       |     1 |       |     5 ||     6
       Distracted        |       |       |     2 |     3 ||     5
       Held in net/web   |       |       |       |     4 ||     4
  Eat: Corpse            |     1 |     8 |    12 |    14 ||    35
Armor: Leather armour    |    22 |    36 |    46 |       ||   104
       Ring mail         |       |       |   142 |   145 ||   287
       Robe              |       |       |       |    41 ||    41
Dodge: Dodged            |    62 |   137 |   369 |   691 ||  1259
